[Event "Titled Tuesday Blitz July 20 2021"]
[White "Arabidze, Meri"]
[Black "Filippova, Margarita"]
[WhiteFideId "13604040"]
[BlackFideId "34199680"]
[WhiteElo "2432"]
[BlackElo "1829"]
[Result "1-0"]
[Round "01"]
[TimeControl "180+1"]
[Date "2021.07.21"]
[WhiteClock "0:02:20"]
[BlackClock "0:01:41"]

1. Nf3 d5 2. g3 Nf6 3. Bg2 c5 4. O-O Nc6 5. d4 e6 6. c4 Be7 7. cxd5 exd5 8. dxc5 Bxc5 9. a3 O-O 10. b4 Be7 11. Bb2 Ne4 12. Nbd2 Bf6 13. Bxf6 Qxf6 14. Nb3 Re8 15. e3 Bg4 16. h3 Bxf3 17. Qxf3 Rad8 18. Qxf6 Nxf6 19. Rac1 Ne4 20. Rfd1 h6 21. h4 a6 22. Nc5 Nxc5 23. Rxc5 d4 24. Bxc6 bxc6 25. Rxd4 Rxd4 26. exd4 Re1+ 27. Kg2 Ra1 28. Ra5 Rd1 29. Rxa6 Rxd4 30. Rxc6 1-0


[Site "https://www.chess.com"]

[Event "Titled Tuesday Blitz July 20 2021"]
[White "Aradhya, Garg"]
[Black "Rama, Tejas"]
[WhiteFideId "25006746"]
[BlackFideId "30907381"]
[WhiteElo "2146"]
[BlackElo "1430"]
[Result "1-0"]
[Round "01"]
[TimeControl "180+1"]
[Date "2021.07.21"]
[WhiteClock "0:01:08"]
[BlackClock "0:00:19"]

1. d4 Nf6 2. c4 g6 3. g3 Bg7 4. Bg2 O-O 5. Nc3 c6 6. e4 d5 7. e5 Ne4 8. Nxe4 dxe4 9. Bxe4 c5 10. Be3 Qa5+ 11. Qd2 Qxd2+ 12. Kxd2 cxd4 13. Bxd4 Rd8 14. Kc3 Nc6 15. Bxc6 bxc6 16. Ne2 Bg4 17. Rhe1 Rab8 18. f4 f6 19. Nc1 fxe5 20. Bxe5 Bxe5+ 21. fxe5 Kf7 22. Nd3 Bf5 23. Nc5 a5 24. Rad1 Rdc8 25. e6+ Ke8 26. Rd7 Rb6 27. Red1 Rcb8 28. b3 a4 29. Ra7 axb3 30. axb3 Bxe6 31. Nxe6 Rxb3+ 32. Kd4 Kf7 33. Ng5+ Kf6 34. Ne4+ Kf7 35. Rf1+ Kg8 36. Rxe7 Rd8+ 37. Kc5 Re3 38. Nf6+ 1-0


[Site "https://www.chess.com"]

[Event "Titled Tuesday Blitz July 20 2021"]
[White "Asadli, Vugar"]
[Black "Ouellet, Maili-Jade"]
[WhiteFideId "13405764"]
[BlackFideId "2620472"]
[WhiteElo "2770"]
[BlackElo "2416"]
[Result "1-0"]
[Round "01"]
[TimeControl "180+1"]
[Date "2021.07.21"]
[WhiteClock "0:00:39"]
[BlackClock "0:00:12"]

1. e4 c5 2. Nc3 d6 3. Bb5+ Nd7 4. f4 a6 5. Bxd7+ Bxd7 6. Nf3 Bc6 7. O-O g6 8. d3 Bg7 9. Qe1 e6 10. f5 Qd7 11. Bf4 Ne7 12. Qg3 e5 13. Bd2 f6 14. Nh4 g5 15. Bxg5 fxg5 16. Qxg5 Ng8 17. f6 Bxf6 18. Rxf6 Nxf6 19. Qxf6 Rf8 20. Qg5 Qe7 21. Qh5+ Qf7 22. Qxf7+ Rxf7 23. Nf5 Kd7 24. a3 b5 25. b4 Raf8 26. h3 Ke6 27. Re1 cxb4 28. axb4 d5 29. exd5+ Bxd5 30. Ne3 Bc6 31. Ng4 Rf5 32. d4 e4 33. Ne3 Rg5 34. h4 Rg3 35. d5+ Ke7 36. dxc6 Rg6 37. c7 Kd7 38. Ncd5 Rc6 39. c3 Rg8 40. Rf1 Kc8 41. Ne7+ 1-0


[Site "https://www.chess.com"]

[Event "Titled Tuesday Blitz July 20 2021"]
[White "Babiy, Olga"]
[Black "Terry, Renato"]
[WhiteFideId "14117258"]
[BlackFideId "3803457"]
[WhiteElo "2230"]
[BlackElo "2581"]
[Result "1-0"]
[Round "01"]
[TimeControl "180+1"]
[Date "2021.07.20"]
[WhiteClock "0:00:33"]
[BlackClock "0:00:01"]

1. d4 e6 2. Nf3 Nf6 3. Bf4 b6 4. e3 Bb7 5. Bd3 Bd6 6. Bxd6 cxd6 7. O-O d5 8. Nbd2 O-O 9. Ne5 d6 10. Ng4 Ne4 11. f3 Nxd2 12. Qxd2 Nd7 13. e4 Nf6 14. Nxf6+ Qxf6 15. c3 Rad8 16. Rae1 e5 17. Bb1 dxe4 18. fxe4 Qh4 19. Rf3 Rde8 20. Rh3 Qe7 21. Qe2 g6 22. Qe3 Qf6 23. Rf1 Qg7 24. Rhf3 f5 25. R3f2 exd4 26. cxd4 Bxe4 27. Qb3+ Kh8 28. Bxe4 Rxe4 29. d5 Rfe8 30. Qa3 Qc7 31. h3 h5 32. Qg3 Kh7 33. Qg5 Qc5 34. Kh1 Qxd5 35. Rxf5 Qxf5 36. Rxf5 Re1+ 37. Kh2 gxf5 38. Qxh5+ Kg7 39. Qg5+ Kf7 40. Qxf5+ Ke7 41. Qg5+ Kd7 42. Qg4+ Kc7 43. Qc4+ Kb7 44. Qd5+ Kc7 45. Qc4+ Kd7 46. Qa4+ Kd8 47. Qxa7 R8e2 48. Qxb6+ Kd7 49. Qb5+ Ke6 50. a4 Rc2 51. Qb3+ 1-0


[Site "https://www.chess.com"]

[Event "Titled Tuesday Blitz July 20 2021"]
[White "Baches Garcia, Guillermo"]
[Black "Triapishko, Alexandr"]
[WhiteFideId "2209764"]
[BlackFideId "14122286"]
[WhiteElo "2426"]
[BlackElo "2490"]
[Result "0-1"]
[Round "01"]
[TimeControl "180+1"]
[Date "2021.07.20"]
[WhiteClock "0:00:06"]
[BlackClock "0:00:21"]

1. e4 c6 2. c4 d5 3. exd5 cxd5 4. cxd5 Nf6 5. Nc3 Nxd5 6. Nf3 e6 7. Bb5+ Bd7 8. Qa4 Bd6 9. Nxd5 exd5 10. Bxd7+ Qxd7 11. Qxd7+ Kxd7 12. d4 Nc6 13. Be3 f6 14. Ke2 Rac8 15. Rhc1 g5 16. h3 h5 17. Ne1 Ne7 18. Nd3 h4 19. Nc5+ Bxc5 20. Rxc5 b6 21. Rxc8 Rxc8 22. Rc1 Re8 23. Kd3 Nf5 24. a4 Nd6 25. b3 Ne4 26. f3 Nd6 27. Bf2 Nf5 28. a5 bxa5 29. Rc5 Ke6 30. Rxa5 Rb8 31. Kc3 Nd6 32. Ra6 Rb6 33. Ra1 a6 34. Bg1 Nf5 35. Bh2 Rc6+ 36. Kd3 Kd7 37. Ra5 Ne7 38. b4 Rb6 39. Kc3 Rc6+ 40. Rc5 Rxc5+ 41. dxc5 Nc6 42. Kb3 Ke6 43. Ka4 d4 44. b5 axb5+ 45. Kxb5 d3 0-1


[Site "https://www.chess.com"]

[Event "Titled Tuesday Blitz July 20 2021"]
[White "Baradaran, Arman"]
[Black "Rorrer, Grayson"]
[WhiteFideId "880515"]
[BlackFideId "30944996"]
[WhiteElo "2132"]
[BlackElo "2122"]
[Result "0-1"]
[Round "01"]
[TimeControl "180+1"]
[Date "2021.07.21"]
[WhiteClock "0:00:02"]
[BlackClock "0:01:11"]

1. d4 Nf6 2. c4 e6 3. g3 Bb4+ 4. Bd2 a5 5. Bg2 d6 6. Nf3 Nbd7 7. O-O e5 8. Bg5 exd4 9. Nxd4 h6 10. Bf4 O-O 11. h3 a4 12. a3 Bc5 13. Nc3 Nh5 14. Be3 Ne5 15. Ndb5 Bxe3 16. fxe3 Nxc4 17. Qd4 Ne5 18. g4 Nf6 19. Rxf6 Qxf6 20. Nxc7 Ra5 21. Ne4 Qd8 22. Nd5 Be6 23. Nf4 Nc6 24. Qc3 d5 25. Rd1 Qe7 26. Nh5 f6 27. Nc5 Qxc5 28. Qd3 Ne5 29. Qb1 Qxe3+ 30. Kh1 Rc5 31. Rf1 Rfc8 32. Kh2 Rc1 33. Rxc1 Rxc1 34. Qa2 Qb3 35. Qxb3 axb3 36. Nf4 Bf7 37. Nxd5 Rc2 38. Nb4 Rxb2 39. Bxb7 Rxe2+ 40. Kg3 b2 0-1


[Site "https://www.chess.com"]

[Event "Titled Tuesday Blitz July 20 2021"]
[White "Boidiya, Sidi"]
[Black "Yuan, Qingyu"]
[WhiteFideId "19600100"]
[BlackFideId "8609772"]
[WhiteElo "2113"]
[BlackElo "2359"]
[Result "0-1"]
[Round "01"]
[TimeControl "180+1"]
[Date "2021.07.21"]
[WhiteClock "0:00:13"]
[BlackClock "0:00:39"]

1. e4 c5 2. Nc3 d6 3. g3 g6 4. Bg2 Bg7 5. d3 Nc6 6. Be3 Nd4 7. Qd2 Rb8 8. a4 a6 9. Nge2 b5 10. axb5 axb5 11. O-O b4 12. Nd1 Bg4 13. f3 Bd7 14. Nc1 h5 15. c3 Nc6 16. Ne2 Na5 17. Qc2 h4 18. Nf2 hxg3 19. hxg3 Nf6 20. g4 Bc6 21. d4 Nc4 22. Bg5 b3 23. Qc1 Bb5 24. Re1 Nd7 25. Ng3 cxd4 26. cxd4 Bxd4 27. Rd1 Bxb2 28. Qf4 Be5 0-1


[Site "https://www.chess.com"]

[Event "Titled Tuesday Blitz July 20 2021"]
[White "Borsuk, Konstantin"]
[Black "Bethke, Richard"]
[WhiteFideId "14113406"]
[BlackFideId "12959243"]
[WhiteElo "2363"]
[BlackElo "2371"]
[Result "0-1"]
[Round "01"]
[TimeControl "180+1"]
[Date "2021.07.21"]
[WhiteClock "0:00:02"]
[BlackClock "0:00:06"]

1. d4 Nf6 2. c4 e6 3. Nf3 d5 4. g4 Nxg4 5. Rg1 Nf6 6. Nc3 Nbd7 7. a3 b6 8. Bf4 a6 9. cxd5 exd5 10. Rc1 Bb7 11. Bh3 g6 12. Qd2 Bg7 13. Qe3+ Qe7 14. Qxe7+ Kxe7 15. Bxc7 Rac8 16. Bf4 Ne4 17. Ne5 Bxe5 18. Bxe5 Nxe5 19. Bxc8 Rxc8 20. dxe5 Ke6 21. f3 Nc5 22. f4 d4 23. Na2 Bd5 24. b4 Bxa2 25. bxc5 bxc5 26. e3 Kd5 27. exd4 Kxd4 28. Kf2 Bc4 29. Rgd1+ Bd3 30. Kg3 c4 31. Kg4 h6 32. f5 gxf5+ 33. Kf4 c3 34. Rg1 c2 35. h3 Rc4 36. Rge1 Kc3+ 37. Ke3 Re4+ 38. Kf2 Kb2 39. Rg1 Re2+ 40. Kf3 Rh2 41. Ke3 Be4 42. Kd4 Rxh3 43. Kc5 Rc3+ 44. Kd6 Kxa3 45. Ke7 Rb3 46. Kxf7 Rb1 47. e6 Rxc1 48. Rxc1 Kb2 49. e7 Bc6 50. Re1 c1=Q 51. Rxc1 Kxc1 0-1


[Site "https://www.chess.com"]

[Event "Titled Tuesday Blitz July 20 2021"]
[White "Bortnyk, Olexandr"]
[Black "ketster"]
[WhiteFideId "14120828"]
[WhiteElo "2723"]
[BlackElo "2447"]
[Result "1-0"]
[Round "01"]
[TimeControl "180+1"]
[Date "2021.07.20"]
[WhiteClock "0:00:48"]
[BlackClock "0:00:08"]

1. e4 e5 2. Bc4 Nf6 3. d3 Be7 4. Nc3 c6 5. Nf3 d6 6. h3 a5 7. a3 b5 8. Ba2 Nbd7 9. Be3 h6 10. Nh4 Nc5 11. Qf3 Be6 12. Bxc5 Bxa2 13. Bxd6 Bxd6 14. Rxa2 b4 15. Ne2 bxa3 16. bxa3 g6 17. O-O Rb8 18. g3 O-O 19. Ng2 Kg7 20. Ne3 Qd7 21. Nc4 Bc7 22. Kg2 Rb5 23. Raa1 Rfb8 24. Nc3 R5b7 25. Qe3 Qe7 26. Rab1 Nd7 27. Rxb7 Rxb7 28. Rb1 Rxb1 29. Nxb1 Nc5 30. Nc3 a4 31. Qc1 Bd6 32. Qb2 f5 33. Qb6 fxe4 34. dxe4 Qc7 35. Qxc7+ Bxc7 36. Nb2 Ba5 37. Nbxa4 Ne6 38. Ne2 Kf6 39. Nb2 Nc5 40. Nc4 Bc7 41. Kf3 h5 42. h4 Bd8 43. Nc1 Be7 44. Nd3 Na4 45. Ndxe5 Bxa3 46. Nxg6 Bc5 47. Nf4 Nc3 48. Nxh5+ Kg6 49. Nf4+ Kf6 50. Nd3 Bd4 51. g4 Nd1 52. g5+ Kg6 53. Nce5+ Kg7 54. Nxc6 Bb6 55. Ne7 Nc3 56. Nd5 Nb5 57. Nxb6 Nd4+ 58. Kg4 Nxc2 59. Nd5 Nd4 60. f4 Ne6 61. f5 Nd4 62. f6+ Kf7 63. N3f4 Nc6 64. g6+ Kf8 65. Kf5 Nd8 66. Ne7 Ke8 67. g7 Kf7 68. g8=Q# 1-0


[Site "https://www.chess.com"]

[Event "Titled Tuesday Blitz July 20 2021"]
[White "Buchenau, Frank"]
[Black "Zakhartsov, Vladimir"]
[WhiteFideId "4604350"]
[BlackFideId "4145097"]
[WhiteElo "2255"]
[BlackElo "2466"]
[Result "0-1"]
[Round "01"]
[TimeControl "180+1"]
[Date "2021.07.21"]
[WhiteClock "0:00:04"]
[BlackClock "0:00:04"]

1. e4 c5 2. Nf3 d6 3. Bb5+ Nd7 4. O-O Nf6 5. Re1 g6 6. c3 Bg7 7. d4 a6 8. Bd3 cxd4 9. cxd4 e5 10. Nc3 exd4 11. Nxd4 O-O 12. Bg5 b5 13. Qd2 Ne5 14. Bf1 Bb7 15. Rad1 Qa5 16. Bxf6 Bxf6 17. Nd5 Qd8 18. f4 Nd7 19. Nxf6+ Nxf6 20. e5 dxe5 21. fxe5 Nd5 22. e6 Qf6 23. exf7+ Rxf7 24. Ne6 Re8 25. Nc5 Rxe1 26. Rxe1 Bc6 27. g3 Nc7 28. Bh3 Qf3 29. Bg2 Qxg2+ 30. Qxg2 Bxg2 31. Kxg2 Rf5 32. b4 Rd5 33. Re7 Rd2+ 34. Kf3 Nd5 35. Rd7 Rd1 36. Ne6 Nc3 37. Rg7+ Kh8 38. Ra7 Rd3+ 39. Kg2 Kg8 40. Rxa6 Rd2+ 41. Kf3 Rxh2 42. a3 Nd5 43. Ke4 Nf6+ 44. Ke5 Nh5 45. Ra8+ Kf7 46. Ra7+ Ke8 47. Nc7+ Kd7 48. Nxb5+ Kc6 49. Nd4+ Kb6 50. Re7 Nxg3 51. Re6+ Kb7 52. a4 Rh5+ 53. Kd6 Rh4 54. Re7+ Kc8 55. Kc5 Kd8 56. Rg7 Rxd4 57. Kxd4 Nf5+ 58. Ke5 Nxg7 59. Kf6 h5 60. Kxg6 h4 61. a5 h3 62. a6 Kc7 63. a7 Kb7 64. Kxg7 Kxa7 65. b5 Kb6 0-1


[Site "https://www.chess.com"]

[Event "Titled Tuesday Blitz July 20 2021"]
[White "Chen, Max"]
[Black "Gabrielian, Artur"]
[WhiteFideId "2622440"]
[BlackFideId "4131002"]
[WhiteElo "2420"]
[BlackElo "2523"]
[Result "0-1"]
[Round "01"]
[TimeControl "180+1"]
[Date "2021.07.20"]
[WhiteClock "0:00:04"]
[BlackClock "0:00:42"]

1. e4 c5 2. c3 d6 3. d4 Nf6 4. Bb5+ Bd7 5. Bxd7+ Nbxd7 6. Qe2 e6 7. Nf3 Be7 8. O-O O-O 9. e5 Nd5 10. Nbd2 cxd4 11. cxd4 Qc7 12. b3 dxe5 13. dxe5 Rac8 14. Bb2 Qc2 15. Bd4 Bb4 16. Qb5 Bxd2 17. Qxd7 Rc7 18. Qb5 a6 19. Qe2 Nf4 20. Qxd2 Qxd2 21. Nxd2 Ne2+ 22. Kh1 Nxd4 23. Rac1 Rfc8 24. Rxc7 Rxc7 25. Nc4 b5 26. Rd1 Nc6 27. Ne3 h5 28. f4 Nb4 29. a3 Nd5 30. Nxd5 exd5 31. Kg1 Rc3 32. Kf2 Rxb3 33. Rxd5 Rxa3 34. Rd8+ Kh7 35. f5 Rc3 36. Re8 b4 37. Rb8 Rc5 38. Rxb4 Rxe5 39. Rf4 a5 40. h3 Kh6 41. g4 Kg5 42. Kf3 Rb5 43. Ra4 Rb3+ 44. Kg2 Rb2+ 45. Kf3 Rb5 46. Kg3 h4+ 47. Kg2 Rb2+ 48. Kg1 Rb5 49. Kg2 Kf6 50. Kf3 Ke5 51. Kg2 Kd5 52. Kf3 f6 53. Kf4 Rb4+ 0-1


[Site "https://www.chess.com"]

[Event "Titled Tuesday Blitz July 20 2021"]
[White "Chiu, Isaac"]
[Black "Sarkar, Justin"]
[WhiteFideId "30900654"]
[BlackFideId "2010011"]
[WhiteElo "2117"]
[BlackElo "2072"]
[Result "0-1"]
[Round "01"]
[TimeControl "180+1"]
[Date "2021.07.21"]
[WhiteClock "0:00:23"]
[BlackClock "0:00:08"]

1. e4 e5 2. Nc3 Bb4 3. Bc4 Bxc3 4. bxc3 d6 5. Nf3 Nf6 6. d3 O-O 7. O-O h6 8. h3 c6 9. Re1 Nbd7 10. a4 d5 11. exd5 cxd5 12. Ba2 Re8 13. Ba3 Qc7 14. Qd2 b6 15. Rab1 Bb7 16. Nh4 Rac8 17. Rb3 d4 18. c4 Nc5 19. Bxc5 bxc5 20. a5 Bc6 21. c3 Rcd8 22. cxd4 exd4 23. Rbb1 Kh7 24. Nf5 Rxe1+ 25. Rxe1 Re8 26. Rxe8 Bxe8 27. Bb3 Bd7 28. Ng3 Be6 29. Ba4 g6 30. Bb5 Kg7 31. Qe1 Bc8 32. Ne2 Bb7 33. Ng3 Qd6 34. Ba4 h5 35. Bd1 h4 36. Nf1 Qc6 37. f3 Qc7 38. Nh2 Nh5 39. Ba4 Ng3 40. Nf1 Qf4 41. Nxg3 hxg3 42. Bd1 Kf6 43. Kf1 Qe5 44. Qd2 Qe3 45. Qxe3 dxe3 46. Ke2 Ke5 47. Kxe3 g5 48. Ba4 f5 49. Bd1 f4+ 50. Kd2 Kd4 51. Be2 Bc6 52. Bd1 Bb7 53. Be2 Bc6 54. Bd1 Bd7 55. Be2 Bxh3 56. Bf1 Bf5 57. Be2 Be6 58. Bf1 g4 59. Be2 gxf3 60. Bxf3 Bf5 61. Be2 Bg6 62. Bf3 Bxd3 63. Bd5 Bxc4 64. Bf3 Bd5 65. Ke2 Bxf3+ 66. Kxf3 c4 67. Kxf4 c3 68. Kxg3 c2 69. Kg4 c1=Q 70. g3 Qa3 71. Kh4 Qxa5 72. Kh3 Ke3 73. Kh2 Kf3 74. Kh1 Qd2 75. Kg1 Qg2# 0-1


[Site "https://www.chess.com"]

[Event "Titled Tuesday Blitz July 20 2021"]
[White "Damjanovic, Vladimir"]
[Black "Zhigalko, Sergei"]
[WhiteFideId "903795"]
[BlackFideId "13502956"]
[WhiteElo "2374"]
[BlackElo "2662"]
[Result "0-1"]
[Round "01"]
[TimeControl "180+1"]
[Date "2021.07.20"]
[WhiteClock "0:00:02"]
[BlackClock "0:00:42"]

1. d4 Nf6 2. Nc3 d5 3. Bf4 a6 4. e3 b5 5. Bd3 Bb7 6. Nf3 e6 7. O-O c5 8. dxc5 Bxc5 9. Ne5 O-O 10. Ne2 Nc6 11. Nxc6 Bxc6 12. Nd4 Bb7 13. Nf3 Qe7 14. Bg5 h6 15. Bh4 e5 16. Be2 Qe6 17. c3 Rfe8 18. a4 b4 19. cxb4 Bxb4 20. Qb3 a5 21. Bb5 Rec8 22. Rac1 Ne4 23. Bg3 f6 24. Rfd1 Rxc1 25. Rxc1 Rc8 26. Qd1 Rxc1 27. Qxc1 Qc8 28. Qxc8+ Bxc8 29. Kf1 g5 30. Ne1 Kf7 31. Nd3 Bd6 32. Ke2 h5 33. f3 Nxg3+ 34. hxg3 e4 35. fxe4 dxe4 36. Nf2 f5 37. Nh1 Be6 38. Kd2 Be5 39. Kc2 Ke7 40. Be2 Bf7 41. b3 Kd6 42. Bc4 Bxc4 43. bxc4 Kc5 44. Kb3 g4 45. Nf2 Bxg3 46. Nh1 Be5 47. g3 Bb8 48. Kc3 Bc7 49. Kc2 Kxc4 0-1


[Site "https://www.chess.com"]

[Event "Titled Tuesday Blitz July 20 2021"]
[White "Dardha, Daniel"]
[Black "Levine, Joseph"]
[WhiteFideId "240990"]
[BlackFideId "30940346"]
[WhiteElo "2489"]
[BlackElo "1802"]
[Result "1-0"]
[Round "01"]
[TimeControl "180+1"]
[Date "2021.07.21"]
[WhiteClock "0:02:04"]
[BlackClock "0:00:16"]

1. d4 d5 2. c4 e6 3. Nf3 Nf6 4. Nc3 c6 5. Bg5 Nbd7 6. e3 Qa5 7. Nd2 Bb4 8. Qc2 O-O 9. Be2 h6 10. Bh4 Re8 11. O-O e5 12. dxe5 Rxe5 13. Bg3 Re8 14. a3 Bxc3 15. bxc3 Ne5 16. cxd5 Qxd5 17. Rfd1 Qe6 18. Rab1 Qe7 19. a4 b6 20. Bxe5 Qxe5 21. Nc4 Qe7 22. Bf3 Qc5 23. Nd6 Rd8 24. Ne4 Rxd1+ 25. Rxd1 Qe7 26. Nxf6+ Qxf6 27. Bxc6 Bf5 28. Be4 Bxe4 29. Qxe4 Rc8 30. c4 Qc3 31. g3 Qxc4 32. Rd8+ 1-0


[Site "https://www.chess.com"]

[Event "Titled Tuesday Blitz July 20 2021"]
[White "Dixit, Arun"]
[Black "ValeriyGrinev"]
[WhiteFideId "30937671"]
[WhiteElo "2352"]
[BlackElo "2635"]
[Result "1-0"]
[Round "01"]
[TimeControl "180+1"]
[Date "2021.07.21"]
[WhiteClock "0:00:23"]
[BlackClock "0:00:38"]

1. d4 d5 2. Nf3 Nf6 3. Ng5 h6 4. Nf3 g5 5. c4 c6 6. Ne5 Nbd7 7. Nc3 Bg7 8. h3 dxc4 9. Nxc4 Nb6 10. Ne5 Nfd5 11. Nf3 O-O 12. e4 Nxc3 13. bxc3 c5 14. Be3 Bd7 15. Be2 Na4 16. Qd2 Qa5 17. Rc1 Rfd8 18. O-O Rac8 19. Bc4 b5 20. Bb3 c4 21. Bxa4 Qxa4 22. Nh2 Bc6 23. d5 e6 24. Bd4 exd5 25. Bxg7 Kxg7 26. Qd4+ f6 27. e5 Qa3 28. exf6+ Kg6 29. Ng4 Qd6 30. Ne5+ Kh7 31. Nf7 Qf4 32. Qxf4 gxf4 33. Nxd8 Rxd8 34. Rcd1 Kg6 35. Rd4 Kf5 36. Re1 a5 37. a3 Rf8 38. g4+ fxg3 39. fxg3 Rxf6 40. Rf1+ Kg6 41. Rxf6+ Kxf6 42. Kf2 Ke5 43. Ke3 Bd7 44. Rh4 Kd6 45. Kd4 Be6 46. Rxh6 Ke7 47. Kc5 b4 48. axb4 a4 49. Rh7+ Bf7 50. Rh8 Be8 51. Rh7+ Bf7 52. b5 a3 53. Rh6 Be6 54. Rh7+ Bf7 55. Rh6 Be6 56. Rh8 a2 57. Ra8 Bxh3 58. Rxa2 Kd7 59. Ra7+ Kc8 60. Kc6 Kb8 61. Rh7 Bg2 62. Rh8+ Ka7 63. b6+ Ka6 64. Ra8# 1-0


[Site "https://www.chess.com"]

[Event "Titled Tuesday Blitz July 20 2021"]
[White "Djokic, Mihailo"]
[Black "Rustemov, Alexander"]
[WhiteFideId "976440"]
[BlackFideId "4119002"]
[WhiteElo "2018"]
[BlackElo "2845"]
[Result "0-1"]
[Round "01"]
[TimeControl "180+1"]
[Date "2021.07.20"]
[WhiteClock "0:00:01"]
[BlackClock "0:01:05"]

1. e4 e6 2. d4 d5 3. Nc3 dxe4 4. Nxe4 Bd7 5. Nf3 Bc6 6. Bd3 Nd7 7. O-O Ngf6 8. Ng3 Be7 9. Re1 O-O 10. c4 Bb4 11. Rf1 Be7 12. Re1 Bb4 13. Rf1 b6 14. a3 Be7 15. Re1 Bb7 16. Bf4 c5 17. d5 exd5 18. Nf5 Re8 19. Rxe7 Rxe7 20. Bc7 Qxc7 21. Nxe7+ Kf8 22. Nxd5 Nxd5 23. cxd5 Nf6 24. Bc4 Rd8 25. Qa4 Bxd5 26. Bxd5 Rxd5 27. Re1 g6 28. h3 Qd7 29. Qh4 Kg7 30. Ne5 Qe6 31. f4 Qd6 32. Nc4 Qd8 33. Ne3 Rh5 34. Qg3 Qd4 35. b3 Ne4 36. Qf3 Nd2 37. Qe2 Nxb3 38. Kh1 Qe4 39. Qf2 Nd4 40. Ng4 Qc2 41. Qe3 Rf5 42. Qe8 Qd2 43. Rf1 h5 44. Nf2 Qxf4 45. Qa8 Ne2 0-1


[Site "https://www.chess.com"]

[Event "Titled Tuesday Blitz July 20 2021"]
[White "Dolzhykova, Kateryna"]
[Black "Wagner, Dennis"]
[WhiteFideId "14113414"]
[BlackFideId "24650684"]
[WhiteElo "2403"]
[BlackElo "2737"]
[Result "0-1"]
[Round "01"]
[TimeControl "180+1"]
[Date "2021.07.21"]
[WhiteClock "0:00:03"]
[BlackClock "0:00:29"]

1. e4 c5 2. Nf3 d6 3. g3 g6 4. Bg2 Bg7 5. O-O Nc6 6. d3 e5 7. Nc3 Nge7 8. h4 h6 9. h5 g5 10. Nh2 Be6 11. f4 gxf4 12. gxf4 exf4 13. Bxf4 Rg8 14. Kh1 Qd7 15. Rb1 O-O-O 16. Nd5 Ne5 17. c3 Nxd5 18. exd5 Bh3 19. Rg1 Ng4 20. Nxg4 Bxg4 21. Qe1 Qf5 22. Qh4 Qxf4 23. Rbf1 Qg5 24. Qxg5 hxg5 25. Rxf7 Bxh5 26. Bh3+ Kb8 27. Re7 Bf3+ 28. Kh2 Be5+ 29. Rxe5 dxe5 30. Be6 Rh8+ 31. Kg3 Bxd5 32. Bf5 Rdf8 33. Kg4 Rh4+ 34. Kxg5 Rf4 35. Bg6 Rg8 36. Re1 Bf7 37. Rxe5 Rf2 38. Rf5 Rxg6+ 39. Kh5 Rh2# 0-1


[Site "https://www.chess.com"]

[Event "Titled Tuesday Blitz July 20 2021"]
[White "Dzierzak, Radoslaw"]
[Black "Timmermans, Mark"]
[WhiteFideId "1161407"]
[BlackFideId "1026399"]
[WhiteElo "2019"]
[BlackElo "2460"]
[Result "0-1"]
[Round "01"]
[TimeControl "180+1"]
[Date "2021.07.21"]
[WhiteClock "0:00:14"]
[BlackClock "0:01:00"]

1. e4 e5 2. Nf3 Nc6 3. Bc4 Nf6 4. d3 Be7 5. O-O O-O 6. Re1 d6 7. a4 Kh8 8. c3 Ng8 9. d4 f5 10. dxe5 fxe4 11. Rxe4 Rxf3 12. Qxf3 d5 13. Re1 dxc4 14. Nd2 Be6 15. Ne4 Nxe5 16. Qg3 Nd3 17. Ng5 Bd5 18. Re5 Nxe5 19. Qxe5 Bxg5 20. Bxg5 Qd6 21. Qe3 h6 22. Bf4 Qe6 23. Qg3 Re8 24. h3 Nf6 25. Kh2 Nh5 26. Qh4 Nxf4 27. Qxf4 Qe5 28. Qxe5 Rxe5 29. Rd1 c6 30. Rd2 Kg8 31. Kg3 g5 32. f4 Re3+ 33. Kg4 Be6+ 34. f5 Re4+ 35. Kf3 Bxf5 36. g4 Rf4+ 37. Kg3 Bd3 38. h4 Kf7 39. hxg5 hxg5 40. b4 Ke6 41. b5 cxb5 42. axb5 Re4 43. Ra2 Re3+ 44. Kf2 Re5 45. Rxa7 Rxb5 46. Ke3 Re5+ 47. Kf2 Re2+ 48. Kf3 Rb2 49. Ra5 b5 50. Ra6+ Kd5 51. Ra7 b4 52. cxb4 c3 53. Ke3 Bb5 54. Rc7 Re2+ 55. Kf3 c2 56. Rc5+ Kd4 57. Rxc2 Rxc2 0-1


[Site "https://www.chess.com"]

[Event "Titled Tuesday Blitz July 20 2021"]
[White "Estrada Nieto, Julian"]
[Black "Har-Zvi, Ronen"]
[WhiteFideId "5101018"]
[BlackFideId "2801485"]
[WhiteElo "2270"]
[BlackElo "2523"]
[Result "0-1"]
[Round "01"]
[TimeControl "180+1"]
[Date "2021.07.20"]
[WhiteClock "0:00:04"]
[BlackClock "0:00:48"]

1. e4 c6 2. c4 d5 3. cxd5 cxd5 4. exd5 Nf6 5. Qa4+ Nbd7 6. Nc3 g6 7. Bc4 Bg7 8. d3 O-O 9. Be3 a6 10. Qa3 Rb8 11. Ba7 Ra8 12. Be3 b6 13. Nf3 Bb7 14. O-O b5 15. Bb3 Re8 16. Rfe1 Nb6 17. Bxb6 Qxb6 18. Qb4 Qd8 19. a4 Nxd5 20. Nxd5 Bxd5 21. axb5 Bxf3 22. gxf3 a5 23. Qe4 e6 24. Ra2 Qg5+ 25. Kh1 Rad8 26. f4 Qc5 27. Kg2 Rd4 28. Qc6 Qe7 29. Rxa5 Red8 30. Ra8 Rxf4 31. Rxd8+ Qxd8 32. Ra1 Qg5+ 33. Kf1 Bd4 34. Qg2 Rxf2+ 35. Qxf2 Bxf2 36. Kxf2 Qxb5 37. Ra3 Qe5 38. Ra8+ Kg7 39. Bc4 Qxb2+ 40. Ke3 Qe5+ 41. Kd2 Qxh2+ 42. Kc3 Qe5+ 43. Kb4 h5 44. Ra7 Qb8+ 0-1


[Site "https://www.chess.com"]

[Event "Titled Tuesday Blitz July 20 2021"]
[White "Eynullayev, Altay"]
[Black "Bakalchuk, Johnatan"]
[WhiteFideId "13413562"]
[BlackFideId "2810301"]
[WhiteElo "2079"]
[BlackElo "2507"]
[Result "0-1"]
[Round "01"]
[TimeControl "180+1"]
[Date "2021.07.21"]
[WhiteClock "0:00:01"]
[BlackClock "0:01:16"]

1. d4 Nf6 2. c4 g6 3. Nc3 Bg7 4. e4 O-O 5. Be2 d6 6. Be3 Na6 7. h4 e5 8. d5 Nc5 9. f3 a5 10. g4 h5 11. g5 Ne8 12. Qd2 c6 13. O-O-O cxd5 14. cxd5 Nc7 15. Nh3 Bd7 16. Kb1 b5 17. Rc1 b4 18. Nd1 N7a6 19. Ndf2 a4 20. Nd3 Qb6 21. Nhf2 Rfc8 22. Nxc5 Nxc5 23. Nd3 b3 24. a3 Bf8 25. Bxc5 dxc5 26. Nxe5 Be8 27. Nc4 Qd8 28. e5 Bg7 29. f4 Bd7 30. Bd3 Rab8 31. Be4 Kh7 32. Rhf1 Bb5 33. d6 Qd7 34. f5 Bxc4 35. e6 Bxe6 36. fxe6 Qxe6 37. Rce1 Rd8 38. Bg2 Rxd6 0-1


[Site "https://www.chess.com"]

[Event "Titled Tuesday Blitz July 20 2021"]
[White "Gogolev, Artem"]
[Black "Pakleza, Zbigniew"]
[WhiteFideId "4116615"]
[BlackFideId "1119290"]
[WhiteElo "2407"]
[BlackElo "2760"]
[Result "0-1"]
[Round "01"]
[TimeControl "180+1"]
[Date "2021.07.21"]
[WhiteClock "0:00:11"]
[BlackClock "0:00:21"]

1. d4 d6 2. Nf3 Bg4 3. g3 Bxf3 4. exf3 e6 5. c4 c6 6. Nc3 d5 7. h4 h5 8. cxd5 cxd5 9. Bb5+ Nc6 10. O-O Qb6 11. f4 Ne7 12. Re1 g6 13. Qa4 Bg7 14. Be3 O-O 15. Ne2 a6 16. Bxc6 Nxc6 17. b3 Rfc8 18. Rec1 Bf8 19. a3 Qb5 20. Qxb5 axb5 21. a4 b4 22. Kf1 Na5 23. Rab1 Bd6 24. Ke1 Kf8 25. Rxc8+ Rxc8 26. Rc1 Rb8 27. Rb1 Ke7 28. Kd2 Kd7 29. Nc1 Rc8 30. Rb2 f6 31. Rc2 Nc6 32. Nd3 b6 33. Ke2 Nxd4+ 34. Bxd4 Rxc2+ 35. Kd1 Rc8 36. Bxf6 b5 37. axb5 Rb8 38. Be5 Rxb5 39. Bxd6 Kxd6 40. Ne5 Rc5 41. Nxg6 Rc3 42. f5 exf5 43. Nf4 Rxb3 44. Nxh5 Rc3 45. Kd2 d4 46. Nf4 b3 47. Nd3 Kd5 48. h5 Ke4 49. f3+ Kxf3 50. h6 Rc2+ 51. Kd1 Rc7 52. Ne5+ Kxg3 0-1


[Site "https://www.chess.com"]